 Dungeon Crawl Stone Soup version 0.17.0-24-gcfadda4 (console) character file.

53 gw the Chiller (level 4, -4/31 HPs)
             Began as a Human Ice Elementalist on Nov 17, 2015.
             Slain by a gnoll
             ... wielding a +0 whip
              (10 damage)
             ... on level 2 of the Dungeon.
             The game lasted 00:02:04 (2390 turns).

gw the Chiller (Human Ice Elementalist)             Turns: 2390, Time: 00:02:04

Health: -4/31      AC:  3    Str:  8    XL:     4   Next: 11%
Magic:  0/8        EV: 12    Int: 20    God:
Gold:   113        SH:  0    Dex: 13    Spells: 3 memorised, 3 levels left

rFire  . . .     SeeInvis .     a - +0 short sword
rCold  . . .     Clarity  .     l - +0 robe
rNeg   . . .     SustAt   .     (no shield)
rPois  .         Gourm    .     m - +0 helmet {Int+3}
rElec  .         Spirit   +     (no cloak)
rCorr  .         Warding  .     (no gloves)
rMut   .         Stasis   .     (no boots)
MR     .....                    i - amulet of guardian spirit
Stlth  ++........               (no ring)
                                (no ring)

@: very slightly contaminated, not resistant to hostile enchantments, unstealthy
A: no striking features
a: no special abilities


You were on level 2 of the Dungeon.
You were not hungry.

You visited 1 branch of the dungeon, and saw 2 of its levels.

You collected 113 gold pieces.

Inventory:

Hand Weapons
 a - a +0 short sword (weapon)
Missiles
 b - 16 arrows of flame
 g - 38 arrows
Armour
 l - a +0 robe (worn)
 m - a +0 helmet of intelligence (worn)
Jewellery
 i - an amulet of guardian spirit (around neck)
Scrolls
 d - 5 scrolls of teleportation
 e - a scroll of identify
 j - a scroll of remove curse
 k - a scroll of immolation {unknown}
Potions
 n - a potion of magic {unknown}
Books
 f - a book of Frost

   Spells                             Type                      Level
   a - Freeze                         Ice                          1
   b - Throw Frost                    Conjuration/Ice              2
   c - Ozocubu's Armour               Charms/Ice                   3
   d - Throw Icicle                   Conjuration/Ice              4
   e - Summon Ice Beast               Ice/Summoning                4
   f - Condensation Shield            Ice                          4
Comestibles
 c - 2 bread rations
 h - 2 royal jellies


   Skills:
 + Level 0.6 Fighting
 + Level 0.2 Short Blades
 + Level 1.1 Armour
 - Level 2.0 Dodging
 - Level 2.0 Stealth
 * Level 3.1 Spellcasting
 - Level 1.0 Conjurations
 + Level 3.2 Ice Magic


You had 3 spell levels left.
You knew the following spells:

 Your Spells              Type           Power        Failure   Level  Hunger
a - Freeze                Ice            ###.         3%          1    None
b - Throw Frost           Conj/Ice       ##....       12%         2    ##.....
c - Ozocubu's Armour      Chrm/Ice       #.......     24%         3    ###....


Dungeon Overview and Level Annotations

Branches:
Dungeon (2/15)

Altars:


Message History

Casting: Freeze
Confirm with . or Enter, or press ? or * to list all spells.
Aiming: Freeze
Press: ? - help, Shift-Dir - straight line, f - gnoll, p - gnoll
Aim: a gnoll, wielding a whip You freeze the gnoll.
The gnoll is moderately wounded.
The gnoll barely misses you. The gnoll hits you with a club.
The gnoll barely misses you.
ATTACK MOVE TO (1,-1)
You hit the gnoll.
The gnoll is heavily wounded.
The gnoll hits you from afar with a spear!
The gnoll closely misses you. x2
ATTACK MOVE TO (1,-1)
You hit the gnoll.
The gnoll is heavily wounded.
The gnoll hits you but does no damage. The gnoll hits you with a club.
The gnoll hits you with a whip!
You die...

#.### . #...#.. ..
###.#.# ... #.#.# ...
#.#.# ... #.#.### # ##
.. #.#g.. ..... .. ..
#.##'#g#....##.##. #
#....pgg....##..#.####
#...........##........
#....<.......#.........
#...........##.........
#...........##........(
#...........##..#..#(##
#........#####..#..#.#
#........# ##..#..#.#
.....>#'##


You could see 4 gnolls.

Table legend:
 A = Turns spent in this place as a percentage of turns spent in the entire game.
 B = Non-inter-level travel turns spent in this place as a percentage of non-inter-level travel turns spent in the entire game.
 C = Inter-level travel turns spent in this place as a percentage of turns spent in this place.
 D = Turns resting spent in this place as a percentage of non-inter-level travel turns spent in this place.
 E = Turns spent auto-exploring this place as a percentage of non-inter-level travel turns spent in this place.
 F = Non-inter-level travel turns spent in this place divided by the number of levels of this place that you've seen.
                   A       B       C       D       E      F
               +-------+-------+-------+-------+-------+----------------------
         Total | 100.0 | 100.0 |   0.5 |   3.8 |   2.6 | 1211.0
       Dungeon | 100.0 | 100.0 |   0.5 |   3.8 |   2.6 | 1211.0
               +-------+-------+-------+-------+-------+----------------------

Table legend:
 A = Kills in this place as a percentage of kills in entire the game.
 B = Kills by you in this place as a percentage of kills by you in the entire game.
 C = Kills by friends in this place as a percentage of kills by friends in the entire game.
 D = Other kills in this place as a percentage of other kills in the entire game.
 E = Experience gained in this place as a percentage of experience gained in the entire game.
 F = Experience gained in this place divided by the number of levels of this place that you have seen.
                   A       B       C       D       E      F
               +-------+-------+-------+-------+-------+----------------------
         Total | 100.0 | 100.0 |  -nan |  -nan | 100.0 |  38.5
       Dungeon | 100.0 | 100.0 |  -nan |  -nan | 100.0 |  38.5
               +-------+-------+-------+-------+-------+----------------------

Vanquished Creatures
  A gnoll (D:1)
  An adder (D:2)
  A worm (D:2)
  2 giant cockroaches (D:1)
  7 hobgoblins
  3 jackals (D:1)
  5 kobolds
  5 bats
  A giant gecko (D:1)
  A giant newt (D:2)
  3 goblins
  A quokka (D:2)
  6 rats
37 creatures vanquished.

Notes
Turn   | Place    | Note
--------------------------------------------------------------
     0 | D:1      | gw the Human Ice Elementalist began the quest for the Orb.
     0 | D:1      | Reached XP level 1. HP: 13/13 MP: 3/3
   383 | D:1      | Reached XP level 2. HP: 17/19 MP: 3/5
   414 | D:1      | Learned a level 2 spell: Throw Frost
  1336 | D:1      | Reached XP level 3. HP: 24/24 MP: 4/7
  1370 | D:1      | Learned a level 3 spell: Ozocubu's Armour
  1503 | D:1      | Reached skill level 1 in Armour
  2184 | D:2      | Reached XP level 4. HP: 31/31 MP: 5/8
  2390 | D:2      | Slain by a gnoll

Action                   |  1- 3 |  4- 6 || total
-------------------------+-------+-------++-------
Melee: Club              |     9 |       ||     9
       Dagger            |    18 |       ||    18
       Short sword       |       |     2 ||     2
 Cast: Freeze            |    19 |     5 ||    24
       Throw Frost       |    30 |     7 ||    37
  Use: Scroll            |     3 |       ||     3
       Potion            |     1 |       ||     1
  Eat: Chunk             |     3 |       ||     3
       Bread ration      |     1 |       ||     1

Vault maps used:
D:1:      lightli_arrival_isolated_outpost
D:2:      minmay_misc_feat_hallway
